 Seeded DCSS version 0.29-a0-359-g541a27f54d (webtiles) character file.

Game seed: 9333529537487618972 (custom seed)

28 klau3 the Insei (level 2, 0/22 HPs)
             Began as a Demigod Transmuter on Apr 27, 2022.
             Succumbed to an adder's poison
             ... on level 2 of the Dungeon.
             The game lasted 00:03:32 (1241 turns).

klau3 the Insei (Demigod Transmuter)                Turns: 1241, Time: 00:03:33

Health: 0/22       AC: 12    Str: 11    XL:     2   Next: 78%
Magic:  7/7        EV:  7    Int: 15    God:
Gold:   41         SH:  0    Dex: 14    Spells: 3/4 levels left

rFire   . . .      SeeInvis .   j - +2 dagger (protect)
rCold   . . .      Faith    .   (no shield)
rNeg    . . .      Spirit   .   g - +0 ring mail
rPois   .          Reflect  .   (no helmet)
rElec   .          Harm     .   (no cloak)
rCorr   .          Rampage  .   (no gloves)
Will    .....                   (no boots)
Stlth   +.........              (no amulet)
HPRegen 0.07/turn               (no ring)
MPRegen 0.10/turn               (no ring)

@: lethally poisoned (0 -> -6), under a protective aura, constricted
A: high MP 1, forlorn, divine attributes
a: no special abilities


You were on level 2 of the Dungeon.
You visited 1 branch of the dungeon, and saw 2 of its levels.

You collected 41 gold pieces.

Inventory:

Hand Weapons
 h - a +0 whip of venom
 j - a +2 dagger of protection (weapon)
Missiles
 f - 40 stones
 m - 6 poisoned darts
Armour
 a - a +0 robe
 g - a +0 ring mail (worn)
Jewellery
 o - a ring of wizardry
Potions
 b - a potion of lignification
 c - a potion of haste {unknown}
 d - 2 potions of attraction {unknown}
 e - a potion of magic {unknown}
 i - a potion of invisibility {unknown}
 k - a potion of mutation {unknown}
 l - a potion of curing {unknown}
 n - a potion of brilliance {unknown}


   Skills:
 + Level 0.8 Fighting
 + Level 0.5 Short Blades
 + Level 0.1 Armour
 + Level 2.2 Dodging
 + Level 3.1 Unarmed Combat
 + Level 1.9 Spellcasting
 + Level 1.9 Transmutations


You had 3 spell levels left.
You knew the following spells:

 Your Spells              Type           Power      Damage    Failure   Level
a - Beastly Appendage     Tmut           14%        N/A       24%         1

Your spell library contained the following spells:

 Spells                   Type           Power      Damage    Failure   Level
 Wereblood                Tmut           7%         N/A       36%         2
 Spider Form              Tmut/Pois      4%         N/A       73%         3
 Ice Form                 Ice/Tmut       4%         N/A       98%         4


Dungeon Overview and Level Annotations

Branches:
Dungeon (2/15)


Innate Abilities, Weirdness & Mutations

You have an increased reservoir of magic. (+10% MP)
You shall have no god before yourself.
Your divine heritage dramatically boosts your attributes as you level up.


Message History

You barely miss the hobgoblin.
You feel sick. The ball python barely misses you. The ball python grabs you.
The ball python constricts you. The hobgoblin hits you. The adder bites you.
The ball python bites you.
The ball python bites you but does no damage.
The ball python constricts you.
You hit the hobgoblin.
Your weapon exudes an aura of protection.
The hobgoblin is moderately wounded.
You feel sick. The adder bites you but does no damage.
The hobgoblin hits you but does no damage.
The ball python barely misses you. The ball python closely misses you.
The ball python constricts you. The adder barely misses you.
You closely miss the hobgoblin.
The hobgoblin is moderately wounded.
You feel sick. The ball python barely misses you.
The hobgoblin hits you but does no damage.
The ball python bites you but does no damage.
The ball python constricts you. The adder bites you but does no damage.
You hit the adder but do no damage.
You feel sick.
You are no longer poisoned.
The ball python closely misses you. The hobgoblin hits you.
* * * LOW HITPOINT WARNING * * *
The ball python closely misses you. The ball python constricts you.
* * * LOW HITPOINT WARNING * * *
The adder bites you.
* * * LOW HITPOINT WARNING * * *
You are lethally poisoned!
The adder poisons you! The ball python barely misses you.
You hit the adder.
The adder is moderately wounded.
* * * LOW HITPOINT WARNING * * *
You feel sick. The adder barely misses you.
The ball python bites you but does no damage.
The ball python constricts you.
The hobgoblin hits you but does no damage.
The ball python bites you but does no damage.
You hit the adder.
The adder is severely wounded.
You die...

### ...
####.##
###Sg...#
#<.S@..#
#......S##.#
#.......# #
.....#....#
....##....#
.### #...)#
.....#
##....#


You could see an adder, a hobgoblin and 2 ball pythons.

Vanquished Creatures
  5 ball pythons (D:1)
  7 bats (D:1)
  3 endoplasms (D:1)
  3 goblins
  3 frilled lizards (D:1)
  3 kobolds (D:1)
  2 rats (D:1)
26 creatures vanquished.

Notes
Turn   | Place    | Note
-------+----------+-------------------------------------------
     0 | D:1      | klau3 the Demigod Transmuter began the quest for the Orb.
     0 | D:1      | Reached XP level 1. HP: 15/15 MP: 5/5
   120 | D:1      | Reached skill level 3 in Unarmed Combat
   226 | D:1      | Reached XP level 2. HP: 13/22 MP: 7/7
  1240 | D:2      | HP: 1/22 [poisoned by an adder]
  1241 | D:2      | Succumbed to an adder's poison

Illustrated notes

Levels and vault maps discovered:
D:1:      dpeg_arrival_three_same_balls, layout_basic, basic_ecumenical_altar
D:2:      layout_rooms

Skill      XL: |  1  2 |
---------------+-------+-----
Unarmed Combat | 3 |  3.1
Dodging        | 2 |  2.2
Fighting       | |  0.8
Short Blades   | |  0.5
Armour         | |  0.1
Spellcasting   | |  1.9
Transmutations | |  1.9

Action                   || total
-------------------------++-------
Melee: Unarmed           ||    10
       Dagger            ||    59
       Punch             ||     1
  Use: Scroll            ||     1
 Stab: Sleeping          ||     1
Armor: Ring mail         ||    56
Dodge: Dodged            ||    75

Table legend: (Time is in decaauts)
 A = Elapsed time spent in this place.
 B = Non-inter-level travel time spent in this place.
 C = Inter-level travel time spent in this place.
 D = Time resting spent in this place.
 E = Time spent auto-exploring this place.
 F = Levels seen in this place.
 G = Mean time per level.
                   A        B        C        D        E       F      G
               +--------+--------+--------+--------+--------+-----+--------+
         Total |   1239 |    973 |    266 |    430 |    315 |   2 |  619.5 |
       Dungeon |   1239 |    973 |    266 |    430 |    315 |   2 |  619.5 |
               +--------+--------+--------+--------+--------+-----+--------+

Top non-repeatable levels by time:
     D:1: 1225 daAuts
     D:2: 13 daAuts
